 Dungeon Crawl Stone Soup version 0.28-a0-519-gbfeecf2 (webtiles) character file.

Game seed: 17673197818566979339

43 Kel the Skirmisher (level 3, -2/24 HPs)
             Began as a Gargoyle Berserker on Sept 23, 2021.
             Was a Believer of Trog.
             Slain by Terence (3 damage)
             ... on level 2 of the Dungeon.
             The game lasted 00:02:07 (1365 turns).

Kel the Skirmisher (Gargoyle Berserker)             Turns: 1365, Time: 00:02:08

Health: -2/24      AC: 12    Str: 21    XL:     3   Next: 58%
Magic:  3/3        EV:  8    Int:  7    God:    Trog [**....]
Gold:   76         SH:  0    Dex:  9    Spells: 2/2 levels left

rFire   . . .      SeeInvis .   a - +0 mace
rCold   . . .      Faith    .   (no shield)
rNeg    + . .      Spirit   .   h - +0 chain mail
rPois   ∞          Reflect  .   (no helmet)
rElec   +          Harm     .   (no cloak)
rCorr   .          Rampage  .   (no gloves)
Will    .....                   (no boots)
Stlth   ..........              (no amulet)
HPRegen 0.08/turn               (no ring)
MPRegen 0.08/turn               (no ring)

@: no status effects
A: sickness immunity, AC +3, negative energy resistance 1, electricity
resistance, torment resistance 1, petrification resistance
a: Renounce Religion, Berserk, Trog's Hand


You were on level 2 of the Dungeon.
You worshipped Trog.
Trog was pleased with you.
You visited 1 branch of the dungeon, and saw 2 of its levels.

You collected 76 gold pieces.

Inventory:

Hand Weapons
 a - a +0 mace (weapon)
Armour
 h - a +0 chain mail (worn)
Scrolls
 b - a scroll of amnesia {unknown}
 c - a scroll of enchant weapon {unknown}
 d - a scroll of blinking {unknown}
 e - a scroll of teleportation {unknown}
Potions
 f - a potion of berserk rage {unknown}
 g - a potion of curing {unknown}


   Skills:
 + Level 3.8 Fighting
 + Level 3.4 Maces & Flails
 + Level 2.8 Armour
 + Level 2.0 Dodging


You had 2 spell levels left.
You didn't know any spells.
Your spell library was empty.

Dungeon Overview and Level Annotations

Branches:
Dungeon (2/15)

Altars:

Annotations:
D:2 Terence


Innate Abilities, Weirdness & Mutations

You are immune to sickness and miasma.
Your stone body is resilient. (AC +3)
You are immune to poison.
You resist negative energy. (rN+)
You are resistant to electric shocks. (rElec)
You are resistant to unholy torment.
You are immune to petrification.


Message History

You hit Terence.
Terence is heavily wounded.
Terence completely misses you.
You barely miss Terence.
Terence is heavily wounded.
Terence hits you with a +4 short sword of venom.
You are too injured to fight recklessly!
You are too injured to fight recklessly!
You hit Terence but do no damage.
Terence is heavily wounded.
Terence hits you with a +4 short sword of venom.
Terence hits you but does no damage.
You closely miss Terence.
Terence is heavily wounded.
Terence hits you with a +4 short sword of venom.
You hit Terence.
Terence is severely wounded.
Terence bares his teeth.
Terence closely misses you.
You closely miss Terence.
Terence is severely wounded.
Terence hits you but does no damage.
You hit Terence but do no damage.
Terence is severely wounded.
Terence hits you but does no damage.
Terence hits you with a +4 short sword of venom.
* * * LOW HITPOINT WARNING * * *
You hit Terence.
Terence is almost dead.
Terence hits you but does no damage.
You hit Terence but do no damage.
Terence is almost dead.
Terence hits you but does no damage.
Your chain mail prevents you from hitting Terence.
Terence is almost dead.
Terence asks, "Do you want it fast or slow?"
Terence hits you with a +4 short sword of venom.
* * * LOW HITPOINT WARNING * * *
Terence hits you with a +4 short sword of venom.
You die...

#.# #.#......#.### #.#
#.#.#......... ####.#
#.#......#.##
###....## #.####..##
....#...# #.# #..#
###...#.# #.####..# #
##.##.# #.......## #
##.##.# ####.....## #
#..#..# #...@...#
###.#...####....@....#
...........+.(.......+
###.#...####.........#
........# ##.......##
###.##### ##.....##
#.# ##...## #.# ##+##
#.#


You could see Terence.

Vanquished Creatures
  An adder (D:2)
  A dart slug (D:1)
  2 bats (D:1)
  5 endoplasms (D:1)
  2 goblins (D:1)
  2 hobgoblins (D:1)
  2 jackals (D:1)
  2 kobolds
  2 quokkas
  4 ball pythons
  2 frilled lizards
  4 rats (D:1)
29 creatures vanquished.

Notes
Turn   | Place    | Note
-------+----------+-------------------------------------------
     0 | D:1      | Kel the Gargoyle Berserker began the quest for the Orb.
     0 | D:1      | Reached XP level 1. HP: 14/14 MP: 1/1
   279 | D:1      | Reached XP level 2. HP: 19/19 MP: 2/2
   578 | D:1      | Reached XP level 3. HP: 21/23 MP: 3/3
   621 | D:1      | Found a faded altar of an unknown god.
  1079 | D:2      | Reached ** piety under Trog
  1351 | D:2      | Noticed Terence
  1365 | D:2      | HP: 1/24 [Terence (3)]
  1365 | D:2      | Slain by Terence

Illustrated notes

Levels and vault maps discovered:
D:1:      matt_arrival_refuge, layout_loops_ring,
          chequers_ecumenical_altar_island, wad_floor_pattern_1,
          hangedman_decor_clover_reticule
D:2:      layout_loops_corners, kennysheep_generic_room_5, uniq_terence

Skill      XL: |  1  2  3 |
---------------+----------+-----
Dodging        | 2 |  2.0
Fighting       | |  3.8
Maces & Flails | |  3.4
Armour         | |  2.8

Action                   || total
-------------------------++-------
Melee: Mace              ||    87
Armor: Robe              ||    18
       Animal skin       ||     1
       Chain mail        ||    12
Dodge: Dodged            ||    50

Table legend: (Time is in decaauts)
 A = Elapsed time spent in this place.
 B = Non-inter-level travel time spent in this place.
 C = Inter-level travel time spent in this place.
 D = Time resting spent in this place.
 E = Time spent auto-exploring this place.
 F = Levels seen in this place.
 G = Mean time per level.
                   A        B        C        D        E       F      G
               +--------+--------+--------+--------+--------+-----+--------+
         Total |   1388 |   1356 |     32 |    249 |    785 |   2 |  694.0 |
       Dungeon |   1388 |   1356 |     32 |    249 |    785 |   2 |  694.0 |
               +--------+--------+--------+--------+--------+-----+--------+

Top non-repeatable levels by time:
     D:1: 1092 daAuts
     D:2: 295 daAuts
